 Dungeon Crawl Stone Soup version 0.26.1-11-gd32895ea62 (webtiles) character file.

Game seed: 5982042914745559739

68 Almogavar the Fighter (level 4, 0/45 HPs)
             Began as a Gnoll Wanderer on July 10, 2021.
             Slain by a centaur (3 damage)
             ... on level 2 of the Dungeon.
             The game lasted 00:05:10 (1397 turns).

Almogavar the Fighter (Gnoll Wanderer)              Turns: 1397, Time: 00:05:11

Health: 0/45       AC:  6    Str: 17    XL:     4   Next: 19%
Magic:  5/5        EV: 11    Int: 15    God:
Gold:   54         SH:  0    Dex: 12    Spells: 5/5 levels left

rFire    . . .     SeeInvis .   e - +0 whip
rCold    . . .     Faith    .   (no shield)
rNeg     . . .     Spirit   .   c - +0 ring mail
rPois    .         Reflect  .   (no helmet)
rElec    .         Harm     .   (no cloak)
rCorr    .         Rampage  .   (no gloves)
Will     .....                  (no boots)
Stlth    +.........             r - amulet of regeneration
HPRegen  0.55/turn              (no ring)
MPRegen  0.09/turn              (no ring)

@: mighty
A: distributed training, fangs 1, strong nose
a: no special abilities


You were on level 2 of the Dungeon.
You visited 1 branch of the dungeon, and saw 2 of its levels.

You collected 54 gold pieces.

Inventory:

Hand Weapons
 e - a +0 whip (weapon)
 p - a +0 hunting sling
Missiles
 b - a curare-tipped dart
 h - 13 poisoned darts (quivered)
 i - 31 sling bullets
 m - 27 bolts
 n - 63 stones
Armour
 c - a +0 ring mail (worn)
 j - a +0 scale mail
 t - a +0 chain mail
Jewellery
 r - an amulet of regeneration (around neck)
Scrolls
 a - a scroll of remove curse {unknown}
 d - a scroll of teleportation
 o - 2 scrolls of amnesia {unknown}
 q - a scroll of identify {unknown}
Potions
 f - a potion of brilliance {unknown}
 g - a potion of might
 k - a potion of resistance {unknown}
 l - a potion of curing {unknown}
 s - 2 potions of ambrosia {unknown}
 u - a potion of mutation {unknown}


   Skills:
 + Level 8.5 Fighting
 + Level 1.0 Short Blades
 + Level 1.0 Long Blades
 + Level 1.0 Axes
 + Level 2.7 Maces & Flails
 + Level 1.0 Polearms
 + Level 1.0 Staves
 + Level 1.0 Slings
 + Level 1.0 Bows
 + Level 1.0 Crossbows
 + Level 2.7 Throwing
 + Level 6.6 Armour
 + Level 1.0 Dodging
 + Level 1.0 Stealth
 + Level 1.0 Shields
 + Level 1.0 Unarmed Combat
 + Level 1.0 Spellcasting
 + Level 0.8 Conjurations
 + Level 0.8 Hexes
 + Level 0.8 Summonings
 + Level 0.8 Necromancy
 + Level 0.8 Translocations
 + Level 0.8 Transmutations
 + Level 0.8 Fire Magic
 + Level 0.8 Ice Magic
 + Level 0.8 Air Magic
 + Level 0.8 Earth Magic
 + Level 0.8 Poison Magic
 + Level 1.1 Invocations
 + Level 2.7 Evocations


You had 5 spell levels left.
You didn't know any spells.
Your spell library was empty.

Dungeon Overview and Level Annotations

Branches:
Dungeon (2/15)

Altars:


Innate Abilities, Weirdness & Mutations

Your experience applies equally to all skills.
You have very sharp teeth.
Your uncanny sense of smell can sniff out nearby items.


Message History

You hit the centaur but do no damage. Your bite misses the centaur.
The centaur is moderately wounded.
The centaur hits you!
* * * LOW HITPOINT WARNING * * *
The leopard gecko bites you.
* * * LOW HITPOINT WARNING * * *
You barely miss the centaur.
The centaur is moderately wounded.
The centaur misses you. The leopard gecko barely misses you.
The centaur hits you.
* * * LOW HITPOINT WARNING * * *
You barely miss the centaur.
The centaur is moderately wounded.
The centaur hits you.
* * * LOW HITPOINT WARNING * * *
The leopard gecko bites you but does no damage.
It was a potion of might.
You feel very mighty all of a sudden. The centaur hits you.
You die...

.<#### .....############
...#....#.......#
...####.#.......#
##..............#
#...##.........#
#...####.......# .#
##.............(###...##
.......#.......(@l.....#
.......##....[.†#c..##..
.......######......##
.......# #........
.......# ##...###..
..)....# ##..# #...
###...## .... ... #...##
.... #. # #....## ♣♣...♣


You could see a centaur and a leopard gecko.

Vanquished Creatures
  2 adders (D:2)
  2 oozes
  A worm (D:2)
  A dart slug (D:1)
  A leopard gecko (D:2)
  2 ball pythons (D:2)
  3 giant cockroaches (D:1)
  3 goblins
  5 hobgoblins
  4 jackals (D:2)
  2 bats (D:1)
  4 frilled lizards (D:1)
  4 kobolds
  3 rats
37 creatures vanquished.

Notes
Turn   | Place    | Note
-------+----------+-------------------------------------------
     0 | D:1      | Almogavar the Gnoll Wanderer began the quest for the Orb.
     0 | D:1      | Almogavar set off with the following items: a +2 dagger, a
                  | curare-tipped dart, a +0 ring mail, a scroll of
                  | teleportation
     0 | D:1      | Reached XP level 1. HP: 26/26 MP: 1/1
   428 | D:1      | Reached XP level 2. HP: 29/33 MP: 2/2
   879 | D:1      | Reached XP level 3. HP: 38/38 MP: 3/3
  1145 | D:2      | Reached skill level 1 in Invocations
  1199 | D:2      | Reached skill level 1 in Short Blades
  1199 | D:2      | Reached skill level 1 in Long Blades
  1199 | D:2      | Reached skill level 1 in Axes
  1199 | D:2      | Reached skill level 1 in Polearms
  1199 | D:2      | Reached skill level 1 in Staves
  1199 | D:2      | Reached skill level 1 in Slings
  1199 | D:2      | Reached skill level 1 in Bows
  1199 | D:2      | Reached skill level 1 in Crossbows
  1199 | D:2      | Reached skill level 1 in Dodging
  1199 | D:2      | Reached skill level 1 in Stealth
  1199 | D:2      | Reached skill level 1 in Shields
  1199 | D:2      | Reached skill level 1 in Unarmed Combat
  1199 | D:2      | Reached skill level 1 in Spellcasting
  1217 | D:2      | Reached XP level 4. HP: 35/45 MP: 5/5
  1380 | D:2      | Noticed a centaur
  1396 | D:2      | HP: 2/45 [centaur (4)]
  1397 | D:2      | Slain by a centaur

Illustrated notes

Levels and vault maps discovered:
D:1:      minmay_arrival_arboretum_small, layout_basic,
          minmay_misc_feat_ornament
D:2:      layout_rooms, uniq_sigmund, uniq_crazy_yiuf_cottage

Skill      XL: |  1  2  3 |
---------------+----------+-----
Invocations    | 1 |  1.1
Short Blades   | 1 |  1.0
Long Blades    | 1 |  1.0
Axes           | 1 |  1.0
Polearms       | 1 |  1.0
Staves         | 1 |  1.0
Slings         | 1 |  1.0
Bows           | 1 |  1.0
Crossbows      | 1 |  1.0
Dodging        | 1 |  1.0
Stealth        | 1 |  1.0
Shields        | 1 |  1.0
Unarmed Combat | 1 |  1.0
Spellcasting   | 1 |  1.0
Fighting       | |  8.5
Maces & Flails | |  2.7
Throwing       | |  2.7
Armour         | |  6.6
Conjurations   | |  0.8
Hexes          | |  0.8
Summonings     | |  0.8
Necromancy     | |  0.8
Translocations | |  0.8
Transmutations | |  0.8
Fire Magic     | |  0.8
Ice Magic      | |  0.8
Air Magic      | |  0.8
Earth Magic    | |  0.8
Poison Magic   | |  0.8
Evocations     | |  2.7

Action                   |  1- 3 |  4- 6 || total
-------------------------+-------+-------++-------
Melee: Whip              |   105 |    38 ||   143
       Dagger            |     3 |       ||     3
       Bite              |     9 |     9 ||    18
       Punch             |       |     1 ||     1
Throw: Dart              |       |     6 ||     6
  Use: Potion            |       |     1 ||     1
Armor: Ring mail         |    53 |    11 ||    64
Dodge: Dodged            |    63 |    23 ||    86
